 Dungeon Crawl Stone Soup version 0.16-a0-3939-g9a3e665 (webtiles) character file.

4193 MDvedh the Frost Mage (level 9, -4/65 (68) HPs)
             Began as a Demigod Ice Elementalist on Feb 6, 2015.
             Slain by an orc warrior
             ... wielding a +0 long sword
              (7 damage)
             ... on level 7 of the Dungeon.
             The game lasted 00:23:09 (9509 turns).

MDvedh the Frost Mage (Demigod Ice Elementalist)    Turns: 9509, Time: 00:23:10

HP:   -4/65 (68)    AC: 13    Str: 15    XL:     9   Next: 82%
MP:   6/33          EV: 13    Int: 25    God:
Gold: 276           SH:  0    Dex: 16    Spells: 4 memorised, 8 levels left

rFire  . . .     SeeInvis .     t - +9 quarterstaff (chaos)
rCold  . . .     Clarity  .     a - +0 robe
rNeg   . . .     SustAb   +     (no shield)
rPois  .         Gourm    .     v - +0 hat
rElec  .         Spirit   .     u - +0 cloak
rCorr  .         Warding  .     e - +1 pair of gloves
rMut   .         Stasis   .     (no boots)
MR     .....                    (no amulet)
Stlth  ++........               d - ring "Xeanug" {+Fly Str+4}
                                k - ring of magical power

@: icy armour, about to teleport, not resistant to hostile enchantments,
unstealthy
A: sustain abilities
a: Evoke Flight


You were on level 7 of the Dungeon.
You were very hungry.

You visited 1 branch of the dungeon, and saw 8 of its levels.

You collected 302 gold pieces.
You spent 26 gold pieces at shops.

Inventory:

Hand weapons
 t - a +9 quarterstaff of chaos (weapon)
Armour
 a - a +0 robe (worn)
 e - a +1 pair of gloves (worn)
 u - a +0 cloak (worn)
 v - a +0 hat (worn)
Jewellery
 d - the ring "Xeanug" (right hand) {+Fly Str+4}
   (You found it on level 5 of the Dungeon)

   [ring of flight]

   It affects your strength (+4).
   It lets you fly.
 k - a ring of magical power (left hand)
 q - an uncursed ring of fire
Magical devices
 j - a wand of confusion (25)
 s - a wand of magic darts (45)
Scrolls
 g - a scroll of fear
 o - 2 scrolls of enchant armour
 p - 3 scrolls of remove curse
 y - 2 scrolls of teleportation
 E - 2 scrolls of amnesia
 G - a scroll of fog
 K - a scroll of blinking
Potions
 i - 4 potions of restore abilities
 l - a potion of cure mutation {unknown}
 m - 2 potions of lignification
 n - a potion of invisibility
 r - a potion of poison {unknown}
 w - 2 potions of flight {unknown}
 x - 4 potions of curing
 z - a potion of brilliance {unknown}
 A - a potion of might {unknown}
 C - 3 potions of resistance
 D - a potion of berserk rage {unknown}
 H - a potion of agility
 J - a potion of cancellation {unknown}
Books
 b - a book of Frost

   Spells                             Type                      Level
   a - Freeze                         Ice                          1
   b - Throw Frost                    Conjuration/Ice              2
   c - Ozocubu's Armour               Charms/Ice                   3
   d - Throw Icicle                   Conjuration/Ice              4
   e - Summon Ice Beast               Ice/Summoning                4
   f - Condensation Shield            Ice                          4
 B - a book of Beasts

   Spells                             Type                      Level
   a - Summon Butterflies             Summoning                    1
   b - Call Canine Familiar           Summoning                    3
   c - Summon Ice Beast               Ice/Summoning                4
   d - Summon Mana Viper              Hexes/Summoning              5
   e - Monstrous Menagerie            Summoning                    6
   f - Summon Hydra                   Summoning                    7
Comestibles
 c - 6 bread rations
 f - 3 meat rations
 h - 3 beef jerkies
 F - 7 fruits
 I - 10 royal jellies


   Skills:
 + Level 2.8 Fighting
 + Level 3.3 Dodging
 - Level 1.7 Stealth
 + Level 5.1 Spellcasting
 * Level 7.0 Conjurations
 + Level 4.6 Charms
 * Level 8.2 Ice Magic


You had 8 spell levels left.
You knew the following spells:

 Your Spells              Type           Power        Failure   Level  Hunger
a - Freeze                Ice            ####         1%          1    None
b - Ozocubu's Armour      Chrm/Ice       #####...     1%          3    ##.....
c - Throw Frost           Conj/Ice       #####.       1%          2    None
f - Throw Icicle          Conj/Ice       #####...     4%          4    ####...


Dungeon Overview and Level Annotations

Branches:
Dungeon (8/15)             Temple (0/1) D:6            Lair (0/8) D:8

Shops:
D:8 }*


Innate Abilities, Weirdness & Mutations

Your attributes are resistant to harm.


Message History

Unknown command.
Unknown command.
Read which item? (? for menu, Esc to quit)
As you read the scroll of teleportation, it crumbles to dust.
You feel strangely unstable.
An orc wizard appears from thin air!
Reactivating autopickup.
The orc wizard hits you but does no damage.
The orc wizard barely misses you.
Unknown command.
Casting: Throw Icicle
Confirm with . or Enter, or press ? or * to list all spells.
A film of ice covers your body!
The orc shouts!
The orc warrior hits you with a long sword!
* * * LOW HITPOINT WARNING * * *
The orc wizard hits you but does no damage.
An orc comes into view. It is wielding a mace.
The orc wizard closely misses you.
The orc warrior hits you with a long sword!
You die...

#.##..# #.#####.###.# #..#
#.##..#####<...##.###.###..#
#..........................#
####..######...##.###.##...####
#............###.# #.##.......
#.#..######..# #.###.##..#####
#.#..#......<###.........#
#.#..#.#..........##.##.##
#.#..#.#....#@.."....##.#
#.#..#..###.o.o##.#####.###
#.#....## ##........oo....#
#.#.#.## ##.#.......#.#.####
#.#...# #.....###.........
#.###.## ##.#...#####.#.####
#.# #..## ##.##....# #.#...#
#.###.#.###........# #.###.#
#................#.# #.# #.#


You could see an orc warrior and an orc wizard.

Vanquished Creatures
  Gastronok (D:8)
  A wyvern (D:8)
  A hungry ghost (D:8)
  Edmund (D:5)
  A water moccasin (D:6)
  An orc warrior (D:6)
  2 black bears
  2 ice beasts
  A necrophage (D:8)
  3 ogres
  A phantom (D:4)
  Sigmund (D:5)
  Duvessa (D:8)
  2 giant frogs
  2 centaurs
  A gnoll sergeant (D:8)
  2 scorpions
  The ghost of Charly the Charmwright, a weakling HESk of Ashenzari (D:3)
  A quasit (D:5)
  A goliath beetle (D:4)
  Dowan (D:8)
  4 crimson imps
  An iguana (D:8)
  An orc priest (D:3)
  2 hounds
  3 jellies
  Crazy Yiuf (D:2)
  5 worker ants
  2 orc wizards
  A killer bee zombie (D:6)
  A hound skeleton (D:5)
  8 gnolls
  A shadow imp (D:8)
  14 adders
  2 giant mites
  5 worms
  4 giant geckos
  9 oozes
  23 orcs
  A ball python (D:4)
  6 bats
  A bat skeleton (D:5)
  A bat zombie (D:7)
  7 giant cockroaches
  15 goblins
  9 hobgoblins
  2 jackals (D:4)
  15 kobolds
  2 quokkas
  9 giant newts
  11 rats
  A ballistomycete (D:7)
195 creatures vanquished.

Vanquished Creatures (others)
  2 giant spores
2 creatures vanquished.

Grand Total: 197 creatures vanquished

Notes
Turn   | Place    | Note
--------------------------------------------------------------
     0 | D:1      | MDvedh, the Demigod Ice Elementalist, began the quest for the Orb.
     0 | D:1      | Reached XP level 1. HP: 14/14 MP: 3/3
   457 | D:1      | Reached skill level 3 in Ice Magic
   613 | D:1      | Reached XP level 2. HP: 15/20 MP: 2/5
   831 | D:1      | Learned a level 2 spell: Throw Frost
  1312 | D:2      | Reached XP level 3. HP: 26/26 MP: 6/8
  1680 | D:2      | Learned a level 3 spell: Ozocubu's Armour
  1792 | D:2      | Noticed Crazy Yiuf
  1801 | D:2      | Killed Crazy Yiuf
  1801 | D:2      | Reached skill level 1 in Conjurations
  1801 | D:2      | Reached XP level 4. HP: 27/33 MP: 1/11
  1948 | D:3      | Noticed Charly's ghost (weakling HESk)
  1958 | D:3      | Killed Charly's ghost
  1958 | D:3      | Reached skill level 4 in Ice Magic
  2423 | D:3      | Found a stormy altar of Qazlal.
  2434 | D:3      | Reached XP level 5. HP: 38/38 MP: 14/14
  2512 | D:3      | Learned a level 4 spell: Throw Icicle
  2594 | D:3      | Reached skill level 1 in Charms
  3484 | D:4      | Noticed a phantom
  3624 | D:4      | Killed a phantom
  3624 | D:4      | Reached XP level 6. HP: 45/45 MP: 17/17
  3926 | D:4      | Reached skill level 5 in Ice Magic
  3933 | D:4      | Noticed a black bear
  4144 | D:4      | Found a shadowy altar of Dithmenos.
  4144 | D:4      | Found a snail-covered altar of Cheibriados.
  4207 | D:4      | Killed a black bear
  4385 | D:4      | Reached XP level 7. HP: 38/50 MP: 19/19
  4388 | D:4      | You fall through a shaft for 3 floors!
  5091 | D:5      | Entered Level 5 of the Dungeon
  5127 | D:5      | Reached skill level 6 in Ice Magic
  5359 | D:5      | Noticed Edmund
  5374 | D:5      | Killed Edmund
  5374 | D:5      | Reached XP level 8. HP: 27/57 MP: 21/21
  5581 | D:5      | Found a white marble altar of Elyvilon.
  5583 | D:5      | Noticed Sigmund
  5609 | D:5      | Got a pitted tin ring
  5620 | D:5      | Killed Sigmund
  5620 | D:5      | Reached skill level 5 in Conjurations
  5753 | D:5      | Found a shattered altar of Ashenzari.
  6049 | D:4      | Found a glowing silver altar of Zin.
  6050 | D:4      | Found an opulent altar of Gozag.
  6930 | D:6      | Found a staircase to the Ecumenical Temple.
  7049 | D:6      | Reached skill level 7 in Ice Magic
  7614 | D:6      | Reached skill level 1 in Fighting
  8177 | D:6      | Identified the ring "Xeanug" {+Fly Str+4} (You found it on level 5 of the Dungeon)
  8309 | D:8      | Found Samugg's Assorted Antiques.
  8309 | D:8      | Noticed Gastronok
  8454 | D:8      | Killed Gastronok
  8454 | D:8      | Reached skill level 5 in Spellcasting
  8454 | D:8      | Reached XP level 9. HP: 31/68 MP: 11/24
  8633 | D:8      | Bought a scroll labeled JAPSOSO SEOTIE for 26 gold pieces
  8815 | D:8      | Reached skill level 8 in Ice Magic
  8859 | D:8      | Found Erok's Gadget Shop.
  9250 | D:8      | Noticed Duvessa
  9250 | D:8      | Noticed Dowan
  9254 | D:8      | Killed Dowan
  9266 | D:8      | Killed Duvessa
  9411 | D:8      | Found a staircase to the Lair.
  9508 | D:7      | HP: 3/65 [orc warrior/long sword (14)]
  9509 | D:7      | Slain by an orc warrior

Action                   |  1- 3 |  4- 6 |  7- 9 || total
-------------------------+-------+-------+-------++-------
Melee: Unarmed           |    14 |       |       ||    14
       Quarterstaff      |       |   148 |   204 ||   352
 Cast: Freeze            |    61 |    41 |    83 ||   185
       Ozocubu's Armour  |     1 |     8 |    20 ||    29
       Throw Icicle      |       |       |    16 ||    16
  Use: Scroll            |       |    16 |     7 ||    23
 Stab: Paralysed         |       |     3 |     7 ||    10
       Sleeping          |       |     2 |     3 ||     5
       Petrifying        |       |     1 |       ||     1
       Distracted        |       |       |     1 ||     1
  Eat: Chunk             |     3 |     5 |     4 ||    12
       Meat ration       |       |     1 |     2 ||     3
       Fruit             |       |       |     2 ||     2
       Pizza             |       |       |     1 ||     1
